 Dungeon Crawl Stone Soup version 0.17.0-19-gb37c632 (webtiles) character file.

574 Banto the Grave Robber (level 7, 0/46 HPs)
             Began as a Vampire Necromancer on Nov 12, 2015.
             Slain by a wasp zombie (9 damage)
             ... on level 5 of the Dungeon.
             The game lasted 00:07:18 (4303 turns).

Banto the Grave Robber (Vampire Necromancer)        Turns: 4303, Time: 00:07:19

Health: 0/46       AC:  2    Str:  7    XL:     7   Next: 12%
Magic:  10/10      EV: 12    Int: 19    God:
Gold:   252        SH:  0    Dex: 15    Spells: 4 memorised, 2 levels left

rFire  + . .     SeeInvis +     d - +1 dagger (pain)
rCold  . . .     Clarity  .     a - +0 robe
rNeg   . . .     SustAt   .     (no shield)
rPois  .         Gourm    .     (no helmet)
rElec  .         Spirit   .     (no cloak)
rCorr  .         Warding  .     (no gloves)
rMut   .         Stasis   .     (no boots)
MR     .....                    l - amulet of regeneration
Stlth  +++.......               (no ring)
                                k - ring of protection from fire

@: regenerating quickly, not resistant to hostile enchantments, fairly stealthy
A: fangs 3, see invisible, unbreathing
a: no special abilities


You were on level 5 of the Dungeon.
You were very full.

You visited 1 branch of the dungeon, and saw 5 of its levels.

You collected 252 gold pieces.

Inventory:

Hand Weapons
 d - a +1 dagger of pain (weapon)
 r - a +0 blowgun
Missiles
 j - 2 throwing nets (quivered)
 s - 8 poisoned needles
Armour
 a - a +0 robe (worn)
 t - a +0 buckler
Jewellery
 k - a ring of protection from fire (left hand)
 l - an amulet of regeneration (around neck)
 q - an uncursed amulet of clarity
Wands
 e - a wand of flame (26)
 v - a wand of flame (19)
Scrolls
 g - a scroll of teleportation
 h - 2 scrolls of amnesia
 n - a scroll of enchant weapon
Potions
 c - 3 potions of berserk rage
 f - 3 potions of curing
 i - 2 potions of flight {unknown}
 m - a potion of cancellation {unknown}
 o - a potion of invisibility {unknown}
 p - 2 potions of magic {unknown}
 u - a potion of heal wounds {unknown}
Books
 b - a book of Necromancy

   Spells                             Type                      Level
   a - Pain                           Necromancy                   1
   b - Animate Skeleton               Necromancy                   1
   c - Vampiric Draining              Necromancy                   3
   d - Regeneration                   Charms/Necromancy            3
   e - Animate Dead                   Necromancy                   4
   f - Control Undead                 Necromancy                   4


   Skills:
 + Level 4.5 Short Blades
 - Level 2.1 Dodging
 - Level 5.3 Stealth
 - Level 2.0 Spellcasting
 + Level 7.5 Necromancy


You had 2 spell levels left.
You knew the following spells:

 Your Spells              Type           Power        Failure   Level  Hunger
a - Pain                  Necr           ####         1%          1    #......
b - Animate Skeleton      Necr           N/A          1%          1    #......
c - Vampiric Draining     Necr           ####......   1%          3    ###....
d - Regeneration          Chrm/Necr      ###.......   12%         3    ###....


Dungeon Overview and Level Annotations

Branches:
Dungeon (5/15)
 Temple: D:4-7

Altars:
Elyvilon
Gozag
Makhleb
Sif Muna
Trog
Xom

Annotations:
D:4 1 runed door
D:5 wobbegong's ghost, novice HuIE


Innate Abilities, Weirdness & Mutations

Your natural rate of healing is unusually fast.
You have razor-sharp teeth.
You have supernaturally acute eyesight.
You can survive without breathing.


Message History

You bite the wasp zombie, but do no damage.
The wasp zombie hits you!
You closely miss the wasp zombie. The wasp zombie hits you.
* * * LOW HITPOINT WARNING * * *
You hit the wasp zombie. Your bite misses the wasp zombie.
The wasp zombie misses you.
You hit the wasp zombie. The wasp zombie hits you.
* * * LOW HITPOINT WARNING * * *
You hit the wasp zombie. The wasp zombie closely misses you.
You hit the wasp zombie. The wasp zombie misses you.
You barely miss the wasp zombie. Your bite misses the wasp zombie.
The wasp zombie closely misses you.
You hit the wasp zombie. The wasp zombie hits you.
* * * LOW HITPOINT WARNING * * *
You hit the wasp zombie. The wasp zombie hits you!
* * * LOW HITPOINT WARNING * * *
Unknown command.
Drink which item? (? for menu, Esc to quit)
You feel better. The wasp zombie hits you!
You die...

......<#......#..#..#.%####
...##..#.....###'#.%#'##..#+###+#
.. #..#.....#...##'#........#..#
#.....#..#.).'.....#+###.#.)'
.........#####..#### #.##'#
......##...#..'..# #..#..
......##...+.%#..# #..'..
.......##...####.#### ##.####
#....Z@..#..# #..#..#
#...P#...'..# #..'..#
#..#####.########.##+## #.
+.....[....# # #..##'#)...#
####..##)#### #..#.)#..#
#..#..)..# #######..#


You could see a wasp zombie.

Vanquished Creatures
  Sigmund (D:4)
  A centaur (D:4)
  A big kobold (D:4)
  A hound (D:2)
  An orc wizard (D:3)
  A worker ant (D:4)
  2 gnolls (D:5)
  4 adders
  An ooze (D:1)
  3 worms
  4 giant geckos
  14 orcs
  6 bats
  2 giant cockroaches
  12 hobgoblins
  8 jackals
  13 kobolds
  2 quokkas (D:2)
  A ball python (D:2)
  7 giant newts
  13 goblins
  2 rats (D:1)
100 creatures vanquished.

Vanquished Creatures (collateral kills)
  A sheep (D:4)
  A rat (D:2)
2 creatures vanquished.

Vanquished Creatures (others)
  4 sheep (D:4)
  A quokka skeleton (D:4)
5 creatures vanquished.

Grand Total: 107 creatures vanquished

Notes
Turn   | Place    | Note
--------------------------------------------------------------
     0 | D:1      | Banto the Vampire Necromancer began the quest for the Orb.
     0 | D:1      | Reached XP level 1. HP: 13/13 MP: 3/3
   348 | D:1      | Learned a level 1 spell: Animate Skeleton
   589 | D:1      | Reached XP level 2. HP: 10/19 MP: 5/5
  1135 | D:1      | Reached skill level 5 in Necromancy
  1143 | D:1      | Reached XP level 3. HP: 11/24 MP: 6/6
  1426 | D:2      | Learned a level 3 spell: Vampiric Draining
  1782 | D:2      | Found a bloodstained altar of Trog.
  1905 | D:2      | Reached skill level 5 in Stealth
  1905 | D:2      | Reached XP level 4. HP: 16/30 MP: 7/7
  2037 | D:2      | Found a burning altar of Makhleb.
  2158 | D:3      | Reached skill level 1 in Short Blades
  2383 | D:3      | Reached XP level 5. HP: 30/35 MP: 8/8
  2513 | D:3      | Reached skill level 6 in Necromancy
  2785 | D:3      | Noticed a phantom
  3055 | D:4      | Found a deep blue altar of Sif Muna.
  3135 | D:4      | Noticed Sigmund
  3225 | D:4      | Killed Sigmund
  3225 | D:4      | Reached XP level 6. HP: 41/41 MP: 9/9
  3237 | D:4      | Noticed a centaur
  3243 | D:4      | Killed a centaur
  3243 | D:4      | Reached skill level 7 in Necromancy
  3282 | D:4      | Found a shimmering altar of Xom.
  3285 | D:4      | Your ally Sigmund died
  3445 | D:4      | Found a runed door.
  3477 | D:4      | Found a white marble altar of Elyvilon.
  3477 | D:4      | Noticed an angel
  3741 | D:5      | Entered Level 5 of the Dungeon
  3753 | D:5      | Noticed wobbegong's ghost (novice HuIE)
  3759 | D:4      | Reached XP level 7. HP: 8/46 MP: 0/10
  3969 | D:4      | Learned a level 3 spell: Regeneration
  4030 | D:5      | Found a bloodstained altar of Trog.
  4037 | D:5      | Found an opulent altar of Gozag.
  4302 | D:5      | HP: 1/46 [wasp zombie (7)]
  4303 | D:5      | Slain by a wasp zombie

Action                   |  1- 3 |  4- 6 |  7- 9 || total
-------------------------+-------+-------+-------++-------
Melee: Unarmed           |     4 |       |       ||     4
       Dagger            |    97 |   117 |    56 ||   270
 Cast: Pain              |    13 |     3 |       ||    16
       Animate Skeleton  |     2 |     4 |     2 ||     8
       Vampiric Draining |       |     5 |     1 ||     6
  Use: Scroll            |       |     6 |     2 ||     8
       Potion            |       |       |     1 ||     1
 Stab: Sleeping          |     9 |     8 |     7 ||    24
  Eat: Corpse            |     7 |     9 |     6 ||    22
